 Dungeon Crawl Stone Soup version 0.30-a0-618-gd6c86c23d0 (webtiles) character file.

Game seed: 13625267905187319950

2219 bmack86 the Fighter (level 9, -1/76 (82) HPs)
             Began as a Minotaur Fighter on Jan 9, 2023.
             Was an Elder of Okawaru.
             Slain by a wight
             ... wielding a +3 short sword
              (2 damage)
             ... on level 8 of the Dungeon.
             The game lasted 00:17:39 (5851 turns).

bmack86 the Fighter (Minotaur Fighter)              Turns: 5851, Time: 00:17:40

HP:   -1/76 (82)    AC: 15    Str: 32    XL:     9   Next: 13%
MP:   21/23         EV: 10    Int:  5    God:    Okawaru [****..]
Gold: 289           SH:  6    Dex:  9    Spells: 8/8 levels left

rFire   + . .      SeeInvis .    a - +0 war axe (flame)
rCold   . . .      Faith    +    c - +0 buckler
rNeg    . . .      Spirit   .    y - +0 chain mail
rPois   .          Reflect  .    (helmet restricted)
rElec   .          Harm     .    (no cloak)
rCorr   .          Rampage  .    (no gloves)
Will    .....                    x - +2 pair of boots Stlth
                                 u
                                   - Hermit's Pendant {Faith Invo=14 Evo=0 MP+5}
HPRegen 0.32/turn                v - +6 ring of strength
MPRegen 0.18/turn                C - ring of protection from fire

@: heroic, drained
A: horns 2, retaliatory headbutt
a: Renounce Religion, Heroism, Finesse


You were on level 8 of the Dungeon.
You worshipped Okawaru.
Okawaru was greatly pleased with you.
You visited 1 branch of the dungeon, and saw 8 of its levels.

You collected 379 gold pieces.
You spent 90 gold pieces at shops.

Inventory:

Hand Weapons
 a - a +0 war axe of flaming (weapon)
Missiles
 l - 4 poisoned darts
 q - a silver boomerang
Armour
 c - a +0 buckler (worn)
 x - a +2 pair of boots (worn)
 y - a +0 chain mail (worn)
Jewellery
 u - the Hermit's Pendant (around neck) {Faith Invo=14 Evo=0 MP+5}
   (You found it on level 5 of the Dungeon)

   [amulet of faith]

   It sets your invocations skill to 14 and your evocations skill to 0.
   It allows you to gain divine favour quickly.
   MP:        It affects your magic capacity (+5).
 v - a +6 ring of strength (left hand)
 B - an amulet of faith
 C - a ring of protection from fire (right hand)
Wands
 r - a wand of flame (16) (quivered)
 t - a wand of iceblast (11)
Scrolls
 b - a scroll of fog {unknown}
 p - 3 scrolls of teleportation
 z - a scroll of fear
 A - 2 scrolls of identify
 E - a scroll of magic mapping
Potions
 d - 3 potions of might
 e - 7 potions of curing
 f - a potion of lignification
 g - 3 potions of mutation
 h - a potion of attraction
 i - 3 potions of haste
 j - 2 potions of invisibility
 k - 2 potions of ambrosia
 m - a potion of cancellation
 n - a potion of flight
 o - 2 potions of heal wounds
 s - 2 potions of brilliance
 w - a potion of degeneration {unknown}


   Skills:
 * Level 8.5(13.5) Fighting
 * Level 8.0(13.0) Axes
 + Level 3.3(8.3) Throwing
 + Level 6.3(11.3) Armour
 + Level 6.4(11.4) Shields
 + Level 3.4(14.0) Invocations


You had 8 spell levels left.
You didn't know any spells.
Your spell library contained the following spells:

 Spells                   Type           Power      Damage    Failure   Level
 Cigotuvi's Dreadful Rot  Necr/Pois/Air  0%         N/A       97%         2
 Poisonous Vapours        Pois/Air       0%         N/A       97%         2
 Ignite Poison            Fire/Tmut/Pois 0%         N/A       100%        3
 Kindle Blastsparks       Fire/Tloc/Air  0%         2d10      100%        3
 Mephitic Cloud           Conj/Pois/Air  0%         N/A       100%        3
 Portal Projectile        Hex/Tloc       0%         N/A       100%        3
 Blade Hands              Tmut           0%         N/A       100%        5
 Freezing Cloud           Conj/Ice/Air   0%         6-21      100%        5
 Eringya's Noxious Bog    Tmut/Pois      0%         N/A       100%        6
 Summon Small Mammal      Summ           Unusable   N/A       N/A         1
 Call Canine Familiar     Summ           Unusable   N/A       N/A         3
 Summon Guardian Golem    Hex/Summ       Unusable   N/A       N/A         3
 Tukima's Dance           Hex            Unusable   N/A       N/A         3
 Summon Forest            Summ/Tloc      Unusable   N/A       N/A         5
 Summon Hydra             Summ           Unusable   N/A       N/A         7

Dungeon Overview and Level Annotations

Branches:
Dungeon (8/15)             Temple (0/1) D:6
   Lair: D:8-11

Altars:
Gozag
Kikubaaqudgha
Nemelex Xobeh
Okawaru
Qazlal
Sif Muna
Vehumet
Wu Jian
Xom
Yredelemnul
Zin
The Shining One

Shops:
D:7 ?


Innate Abilities, Weirdness & Mutations

You have a pair of horns on your head.
You reflexively headbutt those who attack you in melee.


Message History

The wight hits you with a +2 great sword of freezing!
The wight freezes you.
You gain the combat prowess of a mighty hero.
You block the wight's attack.
The wight hits you with a +2 great sword of freezing!
You feel drained. The wight freezes you.
Found a basalt altar of Yredelemnul.
You slash the wight! You burn the wight.
The wight is almost destroyed.
You closely miss the wight.
The wight hits you with a +3 short sword.
You feel drained.
The wight hits you with a +2 great sword of freezing.
The wight freezes you.
You closely miss the wight. You hit the wight. You burn the wight.
You hit the wight but do no damage. You block the wight's attack. x2
The wight hits you with a +0 mace.
* * * LOW HITPOINT WARNING * * *
You feel drained.
* * * LOW HITPOINT WARNING * * *
You hit the wight. You burn the wight. Your headbutt misses the wight.
The wight is lightly damaged.
You hit the wight. You burn the wight. You hit the wight. You burn the wight.
You destroy the wight!
Okawaru accepts your kill. The wight misses you. You furiously retaliate!
You headbutt the wight.
You destroy the wight!
Okawaru accepts your kill. The wight barely misses you.
Your base Axes skill increases to level 8!
You closely miss the wight.
The wight is lightly damaged.
The wight hits you with a +3 short sword!
* * * LOW HITPOINT WARNING * * *
You closely miss the wight.
The wight is lightly damaged.
The wight hits you with a +3 short sword.
* * * LOW HITPOINT WARNING * * *
You feel drained.
You die...

#.....#...........
#.<...#........... ..
#.....#...........
...#######...........
.........))..........
..........)..........
+##.......##+###+#####
#......?'....)....?.
#.......#[.)@z>.....
#########.........?.
###.........
.###...##. ≈. ...# ..≈
...# §§.≈ .... _.≈.
...#


You could see a wight.

Vanquished Creatures
  A wyvern (D:7)
  Eustachio (D:4)
  3 black bears
  An ice beast (D:6)
  2 sky beasts (D:7)
  An ogre (D:5)
  A centaur (D:3)
  4 bullfrogs
  A scorpion (D:5)
  A necrophage (D:5)
  2 wights (D:8)
  The ghost of themarg the Insei, a weakling GnTm (D:3)
  2 jellies (D:6)
  A hound (D:5)
  2 orc priests (D:8)
  Ijyb (D:4)
  Natasha (D:4)
  6 orc wizards
  4 iguanas
  Robin (D:3)
  4 adders
  A shadow imp (D:5)
  3 white imps
  4 dart slugs
  26 orcs
  8 endoplasms
  A giant cockroach (D:4)
  12 goblins
  13 hobgoblins
  3 jackals (D:4)
  9 quokkas
  9 ball pythons
  10 bats
  7 kobolds
  22 rats
169 creatures vanquished.

Vanquished Creatures (others)
  6 plants (D:2)
6 creatures vanquished.

Grand Total: 175 creatures vanquished

Notes
Turn   | Place    | Note
-------+----------+-------------------------------------------
     0 | D:1      | bmack86 the Minotaur Fighter began the quest for the Orb.
     0 | D:1      | Reached XP level 1. HP: 19/19 MP: 0/0
   156 | D:1      | Reached XP level 2. HP: 27/27 MP: 1/1
   840 | D:2      | Reached XP level 3. HP: 33/33 MP: 2/2
   946 | D:2      | Found a faded altar of an unknown god.
  1440 | D:2      | Found an iron altar of Okawaru.
  1446 | D:2      | Reached XP level 4. HP: 37/41 MP: 3/3
  1457 | D:2      | Became a worshipper of Warmaster Okawaru
  1513 | D:3      | Noticed a centaur
  1523 | D:3      | Killed a centaur
  1524 | D:3      | Reached skill level 5 in Fighting
  1524 | D:3      | Reached XP level 5. HP: 18/48 MP: 4/4
  1767 | D:3      | Noticed Robin
  1802 | D:3      | Killed Robin
  1818 | D:3      | Found a runed translucent door.
  1818 | D:3      | Noticed themarg's ghost (weakling GnTm)
  1968 | D:3      | Killed themarg's ghost
  1968 | D:3      | Reached * piety under Okawaru
  2317 | D:4      | Noticed Eustachio
  2331 | D:4      | Killed Eustachio
  2332 | D:4      | Reached skill level 5 in Axes
  2332 | D:4      | Reached XP level 6. HP: 52/57 MP: 5/5
  2456 | D:4      | Reached skill level 1 in Throwing
  2456 | D:4      | Reached skill level 1 in Invocations
  2535 | D:4      | Noticed Ijyb
  2542 | D:4      | Killed Ijyb
  2573 | D:4      | Reached ** piety under Okawaru
  2578 | D:4      | Noticed Natasha
  2583 | D:4      | Killed Natasha
  2584 | D:4      | Reached XP level 7. HP: 61/63 MP: 6/6
  2733 | D:4      | Found a glowing golden altar of the Shining One.
  2869 | D:4      | Reached skill level 5 in Shields
  2952 | D:4      | Found a radiant altar of Vehumet.
  2956 | D:4      | Found an iron altar of Okawaru.
  2956 | D:4      | Found an ornate altar of the Wu Jian Council.
  2957 | D:4      | Found a sparkling altar of Nemelex Xobeh.
  2957 | D:4      | Found a shimmering altar of Xom.
  2957 | D:4      | Found an ancient bone altar of Kikubaaqudgha.
  2957 | D:4      | Found a glowing silver altar of Zin.
  3049 | D:5      | Entered Level 5 of the Dungeon
  3056 | D:5      | Reached skill level 5 in Armour
  3303 | D:5      | Found an opulent altar of Gozag.
  3418 | D:5      | Found the Hermit's Pendant {Faith Invo=14 Evo=0 MP+5}
  3674 | D:5      | Found a stormy altar of Qazlal.
  4107 | D:6      | Reached XP level 8. HP: 66/73 MP: 17/17
  4262 | D:6      | Found a staircase to the Ecumenical Temple.
  4656 | D:6      | Found a shimmering blue altar of Sif Muna.
  4891 | D:7      | Reached *** piety under Okawaru
  5214 | D:7      | Found Hyxici Exku's Magic Scroll Shoppe.
  5225 | D:7      | Bought a scroll of magic mapping for 90 gold pieces
  5558 | D:7      | Reached **** piety under Okawaru
  5723 | D:8      | Reached XP level 9. HP: 81/81 MP: 18/18
  5846 | D:8      | Found a basalt altar of Yredelemnul.
  5851 | D:8      | HP: 1/77 [wight/+3 short sword (5)]
  5851 | D:8      | Slain by a wight

Illustrated notes

Levels and vault maps discovered:
D:1:      dpeg_arrival_solitude, layout_basic
D:2:      layout_basic, shapermc_ecumenical_altar_hornbeckon, basic_altar,
          minmay_rat_hole
D:3:      layout_rooms, hellmonk_ghost_happy_afterlife, uniq_robin
D:4:      layout_basic, nicolae_tso_swordbearing_angel,
          grunt_temple_overflow_open, uniq_natasha, uniq_eustachio, uniq_ijyb
D:5:      layout_loops_ring, marbit_many_paths, general_overflow_altar,
          serial_bayou_pond_a
D:6:      layout_basic, lemuel_tele_altar, minmay_temple_entry_offerings,
          nicolae_underground_beach
D:7:      layout_basic, serial_shops, shop
D:8:      layout_gridville, overflow_temple_1_default,
          mainiacjoe_overflow_paths, minmay_manual_mullet, uniq_pikel,
          uniq_joseph

Skill      XL: |  1  2  3  4  5  6  7  8  9 |
---------------+----------------------------+-----
Fighting       | 4 5 6 7 8 |  8.5
Axes           | 3 4 5 6 7 8 |  8.0
Shields        | 4 5 6 |  6.4
Armour         | 4 5 6 |  6.3
Throwing       | 1 2 3 |  3.3
Invocations    | 1 2 3 |  3.4

Action                   |  1- 3 |  4- 6 |  7- 9 || total
-------------------------+-------+-------+-------++-------
Melee: War axe           |   110 |    97 |   144 ||   351
       Headbutt          |    14 |    11 |    24 ||    49
Invok: Heroism           |       |       |     2 ||     2
Evoke: Wand              |       |       |     5 ||     5
  Use: Scroll            |     2 |     8 |     9 ||    19
Armor: Scale mail        |    70 |    49 |    17 ||   136
       Chain mail        |       |       |    57 ||    57
Dodge: Dodged            |    52 |    33 |    62 ||   147
Block: Buckler           |    26 |    24 |    37 ||    87

Table legend: (Time is in decaauts)
 A = Elapsed time spent in this place.
 B = Non-inter-level travel time spent in this place.
 C = Inter-level travel time spent in this place.
 D = Time resting spent in this place.
 E = Time spent auto-exploring this place.
 F = Levels seen in this place.
 G = Mean time per level.
                   A        B        C        D        E       F      G
               +--------+--------+--------+--------+--------+-----+--------+
         Total |   5960 |   5710 |    250 |    287 |   3653 |   8 |  745.0 |
       Dungeon |   5960 |   5710 |    250 |    287 |   3653 |   8 |  745.0 |
               +--------+--------+--------+--------+--------+-----+--------+

Top non-repeatable levels by time:
     D:5: 980 daAuts
     D:6: 862 daAuts
     D:7: 845 daAuts
     D:4: 812 daAuts
     D:3: 798 daAuts
     D:1: 786 daAuts
     D:2: 729 daAuts
     D:8: 144 daAuts
